 Dungeon Crawl Stone Soup version 0.29-a0-234-g0dae59b3db (webtiles) character file.

Game seed: 10495137538509069285

112 sammy202020 the Skirmisher (level 4, -7/37 HPs)
             Began as a Demonspawn Berserker on Mar 2, 2022.
             Was a Believer of Trog.
             Killed by divine providence
             ... invoked by an orc priest
              (15 damage)
             ... on level 3 of the Dungeon.
             The game lasted 00:03:12 (1984 turns).

sammy202020 the Skirmisher (Demonspawn Berserker)   Turns: 1984, Time: 00:03:12

Health: -7/37      AC: 14    Str: 19    XL:     4   Next: 63%
Magic:  4/4        EV: 11    Int:  9    God:    Trog [**....]
Gold:   143        SH:  4    Dex: 12    Spells: 3/3 levels left

rFire   . . .      SeeInvis .   a - +0 mace
rCold   . . .      Faith    .   (no shield)
rNeg    . . .      Spirit   .   f - +0 ring mail
rPois   .          Reflect  .   h - +2 helmet
rElec   .          Harm     .   (no cloak)
rCorr   .          Rampage  .   l - +1 pair of gloves
Will    .....                   (no boots)
Stlth   +.........              (no amulet)
HPRegen 0.12/turn               (no ring)
MPRegen 0.09/turn               (no ring)

@: no status effects
A: claws 1, icemail 1, condensation shield
a: Renounce Religion, Berserk, Trog's Hand


You were on level 3 of the Dungeon.
You worshipped Trog.
Trog was pleased with you.
You visited 1 branch of the dungeon, and saw 3 of its levels.

You collected 143 gold pieces.

Inventory:

Hand Weapons
 a - a +0 mace (weapon)
Armour
 f - a +0 ring mail (worn)
 h - a +2 helmet (worn)
 l - a +1 pair of gloves (worn)
Scrolls
 b - a scroll of blinking {unknown}
 c - 2 scrolls of vulnerability {unknown}
 d - 4 scrolls of identify {unknown}
 g - a scroll of amnesia {unknown}
 i - a scroll of teleportation {unknown}
 j - a scroll of holy word {unknown}
 m - a scroll of magic mapping {unknown}
Potions
 e - a potion of degeneration {unknown}
 k - a potion of lignification {unknown}


   Skills:
 + Level 3.7 Fighting
 + Level 3.4 Maces & Flails
 + Level 2.6 Armour
 + Level 2.6 Dodging


You had 3 spell levels left.
You didn't know any spells.
Your spell library was empty.

Dungeon Overview and Level Annotations

Branches:
Dungeon (3/15)

Altars:


Innate Abilities, Weirdness & Mutations

You have sharp fingernails.
A meltable icy envelope protects you from harm. (AC +4)
A meltable shield of frost defends you. (SH +4)


Message History

You hit the orc but do no damage.
The orc priest hits you from afar with a +0 trident.
The orc closely misses you.
You closely miss the orc. The orc completely misses you.
The orc priest calls down the wrath of Beogh upon you.
Beogh smites you! The orc closely misses you.
You sock the orc!
The orc is almost dead.
The orc barely misses you. The orc priest closely misses you.
The orc barely misses you.
You hit the orc.
You kill the orc!
Trog accepts your kill. You block the orc's attack.
The orc priest hits you from afar with a +0 trident.
The orc barely misses you.
The orc priest looks encouraged for a moment.
You hit the orc but do no damage. The orc barely misses you.
The orc priest barely misses you.
You closely miss the orc.
The orc priest hits you but does no damage.
You block the orc's attack.
You sock the orc!
You kill the orc!
Trog accepts your kill.
The orc priest hits you but does no damage.
The orc priest closely misses you.
Things that are here:
a +0 club; a +0 ring mail; an orc corpse The orc priest invokes the aid of Beogh against you.
Pain shoots through your body!
* * * LOW HITPOINT WARNING * * *
Things that are here:
a +0 flail; a +0 falchion; an orc corpse You barely miss the orc priest.
The orc priest misses you. The orc priest barely misses you.
You barely miss the orc priest.
The orc priest mumbles some strange prayers to Beogh against you.
Beogh smites you!
You die...

###...### #.......#.
#.......# #.......##
#.......# #.......##
#.......# ####†#####
###....## #.# #
#....#######.#####
####.#...........#
####.#...........#
#@)..#......####.#
#o##..............
.............####.#
#..#.........#...##.#
#..###.###P###......#
## .........#...####
P#.#.#.#.#...# .....
.#...# P# #...####


You could see an orc priest.

Vanquished Creatures
  An orc priest (D:3)
  Robin (D:2)
  An adder (D:2)
  A worm (D:2)
  A dart slug (D:3)
  5 orcs (D:3)
  2 ball pythons (D:2)
  3 endoplasms
  2 giant cockroaches (D:1)
  13 goblins (D:2)
  6 hobgoblins
  3 jackals (D:2)
  3 bats
  3 frilled lizards
  3 rats (D:2)
48 creatures vanquished.

Notes
Turn   | Place    | Note
-------+----------+-------------------------------------------
     0 | D:1      | sammy202020 the Demonspawn Berserker began the quest for
                  | the Orb.
     0 | D:1      | Reached XP level 1. HP: 18/18 MP: 1/1
   530 | D:1      | Gained mutation: A meltable shield of frost defends you.
                  | (SH +4) [demonic ancestry]
   530 | D:1      | Reached XP level 2. HP: 18/24 MP: 2/2
  1093 | D:2      | Reached ** piety under Trog
  1192 | D:2      | Gained mutation: A meltable icy envelope protects you from
                  | harm. (AC +4) [demonic ancestry]
  1192 | D:2      | Reached XP level 3. HP: 29/29 MP: 3/3
  1209 | D:2      | Noticed Robin
  1231 | D:2      | Killed Robin
  1806 | D:3      | Gained mutation: You have sharp fingernails. [demonic
                  | ancestry]
  1806 | D:3      | Reached XP level 4. HP: 31/35 MP: 4/4
  1984 | D:3      | Killed from afar by an orc priest

Illustrated notes

Levels and vault maps discovered:
D:1:      mushboom_english_gardens, layout_basic
D:2:      layout_basic, uniq_robin
D:3:      layout_loops_cross, serial_glass, glass_columns_a, glass_columns_a,
          shapermc_ecumenical_altar_mp_urbaneastern, uniq_ijyb

Skill      XL: |  1  2 |
---------------+-------+-----
Armour         | 2 |  2.6
Dodging        | 2 |  2.6
Maces & Flails | 3 |  3.4
Fighting       | |  3.7

Action                   |  1- 3 |  4- 6 || total
-------------------------+-------+-------++-------
Melee: Mace              |   112 |    32 ||   144
Invok: Berserk           |     1 |       ||     1
 Stab: Sleeping          |     1 |       ||     1
Armor: Animal skin       |     6 |       ||     6
       Ring mail         |    40 |    16 ||    56
Dodge: Dodged            |    93 |    25 ||   118
Block: Other             |    26 |     5 ||    31

Table legend: (Time is in decaauts)
 A = Elapsed time spent in this place.
 B = Non-inter-level travel time spent in this place.
 C = Inter-level travel time spent in this place.
 D = Time resting spent in this place.
 E = Time spent auto-exploring this place.
 F = Levels seen in this place.
 G = Mean time per level.
                   A        B        C        D        E       F      G
               +--------+--------+--------+--------+--------+-----+--------+
         Total |   2025 |   1984 |     41 |      0 |   1454 |   3 |  675.0 |
       Dungeon |   2025 |   1984 |     41 |      0 |   1454 |   3 |  675.0 |
               +--------+--------+--------+--------+--------+-----+--------+

Top non-repeatable levels by time:
     D:1: 1030 daAuts
     D:2: 771 daAuts
     D:3: 224 daAuts
